 Dungeon Crawl Stone Soup version 0.23.2-33-g5129a83184 (webtiles) character file.

Game seed: 294367979305631449

962 Ivernyr the Conjurer (level 7, -1/60 HPs)
             Began as a Black Draconian Wizard on July 5, 2019.
             Killed by nerve-wracking pain
             ... invoked by a shadow imp
              (5 damage)
             ... on level 5 of the Dungeon.
             The game lasted 00:24:56 (6153 turns).

Ivernyr the Conjurer (Black Draconian Wizard)       Turns: 6153, Time: 00:24:56

Health: -1/60      AC:  7    Str:  9    XL:     7   Next: 92%
Magic:  0/14       EV: 12    Int: 21    God:
Gold:   221        SH:  0    Dex:  9    Spells: 5/16 levels left

rFire    . . .     SeeInvis .   i - +1 spear (pierce)
rCold    . . .     Gourm    .   (no shield)
rNeg     . . .     Faith    .   (armour unavailable)
rPois    .         Spirit   .   a - +0 hat
rElec    +         Reflect  .   b - +0 cloak
rCorr    +         Harm     .   (no gloves)
MR       .....                  (no boots)
Stlth    ++........             (no amulet)
HPRegen  0.20/turn              t - ring of resist corrosion
MPRegen  0.14/turn              (no ring)

@: no status effects
A: breathe lightning, unfitting armour, electricity resistance, cold-blooded, AC
+6
a: Breathe Lightning


You were on level 5 of the Dungeon.
You were hungry.

You visited 2 branches of the dungeon, and saw 6 of its levels.

You collected 221 gold pieces.

Inventory:

Hand Weapons
 i - a +1 spear of piercing (weapon)
Armour
 a - a +0 hat (worn)
 b - a +0 cloak (worn)
Jewellery
 t - a ring of resist corrosion (left hand)
Scrolls
 d - 4 scrolls of identify {unknown}
 e - a scroll of teleportation {unknown}
 g - a scroll of magic mapping {unknown}
 h - a scroll of noise {unknown}
 j - a scroll of immolation {unknown}
 k - 4 scrolls of remove curse {unknown}
 m - a scroll of fog {unknown}
 n - a scroll of enchant weapon {unknown}
 r - a scroll of fear {unknown}
Potions
 f - 2 potions of curing {unknown}
 l - 2 potions of heal wounds {unknown}
 o - a potion of mutation {unknown}
 p - 2 potions of degeneration {unknown}
 q - a potion of flight {unknown}
 s - 2 potions of invisibility {unknown}
 u - a potion of ambrosia {unknown}
Comestibles
 c - 7 rations


   Skills:
 + Level 4.4 Fighting
 - Level 2.0 Dodging
 - Level 1.7 Stealth
 + Level 5.0 Spellcasting
 * Level 6.1 Conjurations
 + Level 2.5 Summonings
 - Level 1.0 Translocations


You had 5 spell levels left.
You knew the following spells:

 Your Spells              Type           Power        Failure   Level  Hunger
a - Magic Dart            Conj           ####         1%          1    None
b - Blink                 Tloc           N/A          11%         2    None
c - Call Imp              Summ           ###.....     6%          2    None
d - Mephitic Cloud        Conj/Pois/Air  ##......     14%         3    ##.....
e - Conjure Flame         Conj/Fire      ###.....     9%          3    ##.....

Your spell library contained the following spells:

 Spells                   Type           Power        Failure   Level  Hunger
 Slow                     Hex            #.......     16%         2    None


Dungeon Overview and Level Annotations

Branches:
Dungeon (5/15)             Temple (1/1) D:4

Altars:
Ashenzari
Cheibriados
Dithmenos
Elyvilon
Gozag
Hepliaklqana
Kikubaaqudgha
Makhleb
Nemelex Xobeh
Okawaru
Qazlal
Ru
Wu Jian
Xom
Yredelemnul
Zin
The Shining One

Shops:
D:5 (

Annotations:
D:3 2 runed translucent doors, Tegun's ghost, amateur OpMo


Innate Abilities, Weirdness & Mutations

You can breathe wild blasts of lightning.
Your glossy black scales are hard. (AC +6)
You cannot fit into any form of body armour.
You are resistant to electric shocks. (rElec)
You are cold-blooded and may be slowed by cold attacks.


Message History

The shadow imp shouts, "Fly, thou surly weeb-spouting bloater!"
The shadow imp barely misses you.
Casting: Mephitic Cloud (safe; 14% risk of failure)
Confirm with . or Enter, or press ? or * to list all spells.
A metallic apparition takes form in the air.
You have got your breath back.
The shadow imp barely misses you. The orc closely misses you.
You closely miss the shadow imp.
The shadow imp is moderately wounded.
The shadow imp hits you.
* * * LOW HITPOINT WARNING * * *
The orc barely misses you.
Your iron imp hits the orc!
The orc dies!
You completely miss the shadow imp.
The shadow imp is moderately wounded.
The shadow imp hits you but does no damage.
The shadow imp gestures at you. Pain shoots through your body!
You die...

...# ...# ...##
....##
)....##############
..................#
..................#
...#.##..)........#
...#.####(....55@.#
####.## #.........#
......# ###########
##....# ##...#
#####


You could see a shadow imp and a friendly iron imp.

Vanquished Creatures
  An ice beast (D:3)
  A sky beast (D:5)
  An ogre (D:5)
  A phantom (D:4)
  An orc priest (D:5)
  A hound (D:4)
  A centaur skeleton (D:4)
  2 iguanas
  Natasha (thrice) (D:3)
  An orc wizard (D:5)
  5 worker ants
  A hound skeleton (D:2)
  Robin (D:2)
  4 gnolls (D:2)
  2 adders (D:2)
  An ooze (D:3)
  A worm (D:4)
  An orc (D:5)
  A giant cockroach (D:2)
  11 goblins
  8 hobgoblins
  9 jackals
  12 kobolds
  A quokka (D:3)
  8 bats
  5 frilled lizards
  8 rats
92 creatures vanquished.

Vanquished Creatures (collateral kills)
  An ogre (D:5)
  A bullfrog skeleton (D:5)
  3 gnolls (D:2)
  A shadow imp (D:5)
  An orc (D:5)
  A jackal (D:4)
  A frilled lizard (D:5)
9 creatures vanquished.

Grand Total: 101 creatures vanquished

Notes
Turn   | Place    | Note
-------+----------+-------------------------------------------
     0 | D:1      | Ivernyr the Draconian Wizard began the quest for the Orb.
     0 | D:1      | Reached XP level 1. HP: 14/14 MP: 4/4
   474 | D:1      | Reached XP level 2. HP: 20/20 MP: 4/6
   497 | D:1      | Learned a level 2 spell: Blink
   927 | D:1      | Reached skill level 2 in Conjurations
  1281 | D:2      | Reached skill level 1 in Fighting
  1281 | D:2      | Reached XP level 3. HP: 13/28 MP: 2/7
  1682 | D:1      | Learned a level 2 spell: Call Imp
  1686 | D:1      | Learned a level 3 spell: Mephitic Cloud
  1959 | D:2      | Noticed Robin
  2150 | D:2      | Killed Robin
  2150 | D:2      | Reached XP level 4. HP: 22/35 MP: 0/9
  2369 | D:2      | Reached skill level 3 in Conjurations
  2750 | D:2      | Reached XP level 5. HP: 34/41 MP: 6/10
  3154 | D:3      | Found a shadowy altar of Dithmenos.
  3350 | D:3      | Found an iron altar of Okawaru.
  3414 | D:3      | Found a large runed translucent door.
  3414 | D:3      | Found a large runed translucent door.
  3480 | D:3      | Noticed Natasha
  3489 | D:3      | Killed Natasha
  3533 | D:3      | Found an iron altar of Okawaru.
  3627 | D:3      | Noticed Natasha
  3629 | D:3      | Noticed Tegun's ghost (amateur OpMo)
  3639 | D:3      | Killed Natasha
  3639 | D:3      | Reached skill level 4 in Conjurations
  3694 | D:3      | Learned a level 3 spell: Conjure Flame
  3781 | D:3      | Noticed Natasha
  3791 | D:3      | Killed Natasha
  3909 | D:3      | Found an opulent altar of Gozag.
  4266 | D:4      | Reached XP level 6. HP: 47/50 MP: 6/12
  4339 | D:4      | Noticed an ice beast
  4437 | D:3      | Killed an ice beast
  4654 | D:4      | Reached skill level 5 in Conjurations
  5018 | D:4      | Your scales start taking on a glossy black colour.
  5018 | D:4      | Reached XP level 7. HP: 56/57 MP: 5/13
  5018 | D:4      | Gained mutation: You are resistant to electric shocks.
                  | (rElec) [Black Draconian growth]
  5452 | D:4      | Found a staircase to the Ecumenical Temple.
  5508 | D:4      | Found a glowing golden altar of the Shining One.
  5550 | Temple   | Entered the Ecumenical Temple
  5802 | D:5      | Entered Level 5 of the Dungeon
  5834 | D:5      | Found Uqemai's Antique Weapon Shoppe.
  6129 | D:5      | Reached skill level 6 in Conjurations
  6140 | D:5      | Reached skill level 5 in Spellcasting
  6153 | D:5      | Killed from afar by a shadow imp

Skill      XL: |  1  2  3  4  5  6  7 |
---------------+----------------------+-----
Dodging        | 2 |  2.0
Conjurations   | 2 3 4 5 6 |  6.1
Fighting       | 1 2 3 4 |  4.4
Spellcasting   | 4 5 |  5.0
Summonings     | 2 |  2.5
Stealth        | |  1.7
Translocations | |  1.0

Action                   |  1- 3 |  4- 6 |  7- 9 || total
-------------------------+-------+-------+-------++-------
Melee: Unarmed           |    43 |       |       ||    43
       Tailslap          |     3 |     3 |     3 ||     9
       Whip              |    23 |    11 |       ||    34
       Spear             |       |    66 |    51 ||   117
 Cast: Magic Dart        |    75 |    96 |    38 ||   209
       Call Imp          |     1 |    11 |     5 ||    17
       Mephitic Cloud    |     1 |     3 |     2 ||     6
       Blink             |       |       |     1 ||     1
 Abil: Breathe Lightning |       |       |     3 ||     3
 Stab: Confused          |       |     1 |       ||     1
  Eat: Chunk             |     3 |     7 |       ||    10
       Ration            |       |     1 |     1 ||     2
Armor: Skin              |    27 |    32 |    18 ||    77
Dodge: Dodged            |    57 |    70 |    54 ||   181
